 Dungeon Crawl Stone Soup version 0.30.0-5-g1a98f26d00 (webtiles) character file.

Game seed: 3469218748494049648

3064 qeuew the Protected (level 9, -5/118 HPs)
             Began as a Minotaur Fighter on May 8, 2023.
             Was an Initiate of Ru.
             Slain by a death yak (15 damage)
             ... on level 8 of the Dungeon.
             The game lasted 00:06:49 (6163 turns).

qeuew the Protected (Minotaur Fighter)              Turns: 6163, Time: 00:06:49

Health: -5/118     AC: 10    Str: 23    XL:     9   Next: 57%
Magic:  8/8        EV: 12    Int:  5    God:    Ru [......]
Gold:   628        SH:  5    Dex: 12    Spells: 8/8 levels left

rFire   . . .        a - +0 war axe (spect)
rCold   + . .        c - +0 buckler
rNeg    . . .        b - +0 scale mail
rPois   +            (helmet restricted)
rElec   .            (no cloak)
rCorr   .            (no gloves)
SInv    .            (no boots)
Will    .....        (no amulet) Stlth
                     i - ring of protection from cold
HPRegen 0.39/turn    u - ring of poison resistance
MPRegen 0.11/turn

%: no passive effects
@: mighty, berserking (expiring), very quick
A: horns 2, retaliatory headbutt, iridescent scales 1, mutation resistance 1
a: Renounce Religion


You were on level 8 of the Dungeon.
You worshipped Ru.
Ru was noncommittal.
You visited 2 branches of the dungeon, and saw 9 of its levels.
You also visited: Sewer and Ossuary.

You collected 628 gold pieces.

Inventory:

Hand Weapons
 a - a +0 spectral war axe (weapon)
Armour
 b - a +0 scale mail (worn)
 c - a +0 buckler (worn)
Jewellery
 i - a ring of protection from cold (left hand)
 u - a ring of poison resistance (right hand)
Wands
 t - a wand of digging (5)
 v - a wand of light (4)
Scrolls
 g - 3 scrolls of teleportation
 h - 2 scrolls of fog
 k - 2 scrolls of amnesia
 l - a scroll of identify
 o - a scroll of poison
 p - a scroll of enchant armour
 r - 2 scrolls of fear
 s - 2 scrolls of brand weapon
 w - a scroll of blinking
Potions
 d - 2 potions of might
 e - 4 potions of brilliance
 f - 2 potions of haste
 j - 5 potions of heal wounds
 m - a potion of berserk rage
 n - 3 potions of mutation
 q - 2 potions of curing
 x - a potion of flight {unknown}


   Skills:
 + Level 7.3 Fighting
 + Level 6.8 Axes
 * Level 10.0 Armour
 + Level 5.6 Dodging
 + Level 7.4 Shields
 + Level 1.7 Evocations


You had 8 spell levels left.
You didn't know any spells.
Your spell library contained the following spells:

 Spells                   Type           Power      Damage    Failure   Level
 Blink                    Tloc           0%         N/A       90%         2
 Lesser Beckoning         Tloc           0%         N/A       90%         2
 Momentum Strike          Conj/Tloc      0%         3d8       90%         2
 Summon Guardian Golem    Hex/Summ       0%         N/A       99%         3
 Manifold Assault         Tloc           0%         N/A       100%        4
 Malign Gateway           Summ/Tloc      0%         N/A       100%        7
 Orb of Destruction       Conj           0%         9d5       100%        7
 Spellforged Servitor     Conj/Summ      0%         N/A       100%        7
 Storm Form               Tmut/Air       0%         N/A       100%        7
 Summon Horrible Things   Summ           0%         N/A       100%        8


Dungeon Overview and Level Annotations

Branches:
Dungeon (8/15)             Temple (1/1) D:7            Lair (0/5) D:8
  Sewer (visited)         Ossuary (visited)

Altars:
Ashenzari
Cheibriados
Dithmenos
Fedhas
Kikubaaqudgha
Makhleb
Okawaru
Ru
Trog
Uskayaw
Vehumet
Wu Jian
Yredelemnul
Zin

Shops:
D:1 ?


Innate Abilities, Weirdness & Mutations

You have a pair of horns on your head.
You reflexively headbutt those who attack you in melee.
You are partially covered in iridescent scales. (AC +2)
You are somewhat resistant to further mutation.


Message History

The howler monkey hoots and howls with incredible vigour!
You slash the death yak! You headbutt the death yak.
The death yak is moderately wounded.
The death yak gores you.
You slash the death yak!
The death yak is heavily wounded.
The howler monkey hoots and howls with incredible vigour!
You barely miss the death yak.
The death yak is heavily wounded.
The death yak gores you!
You slash the death yak!
The death yak is heavily wounded.
The death yak gores you!!
* * * LOW HITPOINT WARNING * * *
The howler monkey hoots and howls with incredible vigour!
You slash the death yak! You headbutt the death yak!
The death yak is almost dead.
The death yak gores you but does no damage.
The howler monkey hoots and howls with incredible vigour!
You hit the death yak. You headbutt the death yak.
You kill the death yak!
Your Armour skill increases to level 10!
You slash the death yak!
The death yak is moderately wounded.
The howler monkey hoots and howls with incredible vigour!
You slash the death yak! You headbutt the death yak!
The death yak is heavily wounded.
You block the death yak's attack.
You slash the death yak!
The death yak is severely wounded.
The death yak gores you but does no damage.
The howler monkey hoots and howls with incredible vigour!
You hit the death yak.
The death yak is severely wounded.
The death yak gores you!
* * * LOW HITPOINT WARNING * * *
You hit the death yak but do no damage. You headbutt the death yak!!
The death yak is almost dead.
The death yak gores you!
You die...

#########.#..
#.#
........#.#.#
#.#
#######.#.#.#
#.#
......#.#.#.#
#.#
........#.#.#
#.#
#####.#.#.#.#
#.#
..........#.#
#.#
#####.#.###.#
#.#
......#.....#
#@#
#############
##Y# #YY#


#hYY# ..hh..# ....?...# #..).....# ....#...... ...........# You could see 5
death yaks and 3 howler monkeys.

Vanquished Creatures
  A death yak (D:8)
  Joseph (D:8)
  A steam dragon (D:7)
  2 water moccasins
  2 ice beasts
  An orc warrior (D:6)
  Pargi (Sewer)
  A phantom (D:4)
  2 bullfrogs
  2 scorpions
  5 wights (D:7)
  2 orc priests (D:6)
  3 jellies
  3 hounds
  3 iguanas (D:6)
  6 orc wizards
  A sleepcap (D:4)
  8 mummies (Ossuary)
  3 gnolls (D:6)
  11 adders
  3 shadow imps
  5 worms
  2 dart slugs
  19 orcs
  5 ball pythons
  6 bats
  2 endoplasms
  7 giant cockroaches
  A gnoll zombie (Ossuary)
  8 goblins
  8 hobgoblins
  4 quokkas
  6 frilled lizards
  3 hobgoblin zombies (Ossuary)
  10 kobolds
  2 kobold zombies (Ossuary)
  2 orc zombies (Ossuary)
  8 rats
160 creatures vanquished.

Notes
Turn   | Place    | Note
-------+----------+-------------------------------------------
     0 | D:1      | qeuew the Minotaur Fighter began the quest for the Orb.
     0 | D:1      | Reached XP level 1. HP: 19/19 MP: 0/0
   106 | D:1      | Found Touz Nid's Magic Scroll Shop.
   157 | D:1      | Reached XP level 2. HP: 25/27 MP: 1/1
   190 | D:1      | Reached skill level 4 in Armour
   777 | D:1      | Found a faded altar of an unknown god.
   854 | D:1      | Reached XP level 3. HP: 33/33 MP: 2/2
   908 | D:1      | Gained mutation: You are occasionally teleported next to
                  | monsters. [potion of mutation]
  1006 | D:2      | Reached skill level 1 in Dodging
  1223 | D:2      | Lost mutation: You are occasionally teleported next to
                  | monsters. [potion of mutation]
  1223 | D:2      | Gained mutation: You are frail. (-10% HP) [potion of
                  | mutation]
  1352 | D:2      | Reached XP level 4. HP: 36/36 MP: 3/3
  1552 | D:3      | Reached skill level 5 in Armour
  1585 | D:3      | Noticed an ice beast
  1591 | D:3      | Killed an ice beast
  1592 | D:3      | Reached XP level 5. HP: 27/42 MP: 4/4
  2244 | D:3      | Reached XP level 6. HP: 46/47 MP: 5/5
  3134 | D:4      | Found a hide-covered altar of Uskayaw.
  3135 | D:4      | Found an ornate altar of the Wu Jian Council.
  3193 | D:5      | Entered Level 5 of the Dungeon
  3293 | D:5      | Reached skill level 6 in Armour
  3395 | D:5      | Reached skill level 5 in Shields
  3408 | D:5      | Found a glowing drain.
  3412 | D:5      | Noticed a water moccasin
  3422 | D:5      | Killed a water moccasin
  3423 | D:5      | Reached skill level 5 in Fighting
  3423 | D:5      | Reached XP level 7. HP: 39/54 MP: 6/6
  3432 | Sewer    | Entered a sewer
  3622 | Sewer    | Noticed Pargi
  3626 | Sewer    | Killed Pargi
  3649 | Sewer    | Lost mutation: You are frail. (-10% HP) [potion of
                  | mutation]
  3649 | Sewer    | Gained mutation: You are somewhat resistant to further
                  | mutation. [potion of mutation]
  3649 | Sewer    | Gained mutation: You are partially covered in iridescent
                  | scales. (AC +2) [potion of mutation]
  3944 | D:6      | Reached skill level 7 in Armour
  4002 | D:6      | Found a sand-covered staircase.
  4021 | Ossuary  | Entered an ossuary
  4446 | D:6      | Reached skill level 5 in Axes
  4459 | D:6      | Reached XP level 8. HP: 55/70 MP: 7/7
  4940 | D:6      | Reached skill level 8 in Armour
  5289 | D:2      | Identified the +6 ring mail of Demons {rC++ Str-4}
  5356 | D:7      | Found a staircase to the Ecumenical Temple.
  5378 | Temple   | Entered the Ecumenical Temple
  5463 | Temple   | Became a worshipper of Ru the Awakened
  5568 | D:7      | Reached skill level 9 in Armour
  5568 | D:7      | Reached skill level 5 in Dodging
  5568 | D:7      | Reached XP level 9. HP: 54/78 MP: 8/8
  5939 | D:8      | Noticed Joseph
  5947 | D:8      | Killed Joseph
  6051 | D:8      | Reached skill level 1 in Evocations
  6139 | D:8      | Noticed a death yak
  6139 | D:8      | Noticed a death yak
  6140 | D:8      | Noticed a death yak
  6141 | D:8      | Noticed a death yak
  6141 | D:8      | Noticed a death yak
  6142 | D:8      | Found a staircase to the Lair.
  6142 | D:8      | Noticed a death yak
  6158 | D:8      | Killed a death yak
  6159 | D:8      | Reached skill level 10 in Armour
  6163 | D:8      | Slain by a death yak

Illustrated notes

Levels and vault maps discovered:
D:1:      dpeg_arrival_round_c, layout_basic, serial_shops, nicolae_shop_stone,
          dreamdust_ecumenical_altar_hidden_monk_grotto,
          corexii_leaking_fountain
D:2:      layout_basic, due_unseen_surprise
D:3:      layout_loops_ring, minmay_misc_feat_more_columns,
          minmay_joined_circles
D:4:      layout_loops_corners, minitemple
D:5:      layout_basic, cheibrodos_sewer_entry_drain
D:6:      layout_loops_ring, enter_ossuary_2
D:7:      layout_rooms, minmay_temple_entry_steel_oval,
          hangedman_abyss_or_decor_stabs
D:8:      layout_basic, kennysheep_mini, dpeg_lair_monsters, water_boxes_lemuel,
          uniq_joseph
Temple:   hc_temple_tempest_star

Skill      XL: |  1  2  3  4  5  6  7  8  9 |
---------------+----------------------------+-----
Armour         | 4 5 6 7 9 10 | 10.0
Fighting       | 4 5 6 7 |  7.3
Dodging        | 1 2 3 5 |  5.6
Shields        | 4 5 6 7 |  7.4
Axes           | 3 4 5 6 |  6.8
Evocations     | 1 |  1.7

Action                     |  1- 3 |  4- 6 |  7- 9 || total
---------------------------+-------+-------+-------++-------
  Melee: War axe           |   103 |   123 |   175 ||   401
         Headbutt          |    11 |    21 |    29 ||    61
  Evoke: Wand              |       |       |     1 ||     1
    Use: Scroll            |     4 |     9 |     3 ||    16
         Potion            |     4 |     3 |     4 ||    11
   Stab: Distracted        |       |       |     1 ||     1
 Armour: Scale mail        |    48 |    50 |    52 ||   150
  Dodge: Dodged            |    52 |    45 |    60 ||   157
  Block: Buckler           |    25 |    24 |    30 ||    79
